 Dungeon Crawl Stone Soup version 0.31.0-1-g2c135a008e (webtiles) character file.

Game seed: 18026801884072958447

375 qw the Shooter (level 7, -9/53 HPs)
             Began as a Djinni Hunter on Jan 23, 2024.
             Mangled by a wyvern (12 damage)
             ... on level 4 of the Dungeon.
             The game lasted 00:00:11 (2152 turns).

qw the Shooter (Djinni Hunter)                      Turns: 2152, Time: 00:00:11

Health: -9/53      AC:  6    Str: 13    XL:     7   Next: 3%
Gold:   236        EV: 11    Int: 11    God:
                   SH:  0    Dex: 18

rFire   + + .        a - +0 shortbow
rCold   x . .        (shield currently unavailable)
rNeg    . . .        b - +0 ring mail
rPois   inf          (no helmet)
rElec   .            (no cloak)
rCorr   +            g - +0 pair of gloves {Str+3}
SInv    .            (boots unavailable)
Will    .....        (no amulet)
Stlth   +            e - ring of resist corrosion
HPRegen 0.28/turn    (no ring)
MPRegen 0.00/turn

%: infuse magic (-10 HP)
@: flying
A: sickness immunity, fire resistance 2, cold vulnerability 1, float, innate
caster, HP casting, extra vitality 1
a: no special abilities


You were on level 4 of the Dungeon.
You visited 1 branch of the dungeon, and saw 5 of its levels.

You collected 236 gold pieces.


Innate Abilities, Weirdness & Mutations

You are immune to sickness and miasma.
You are immune to poison.
Your flesh is very heat resistant. (rF++)
You are vulnerable to cold. (rC-)
You float through the air rather than walking.
You learn spells naturally, not from books.
Your magical power is your life essence.
You have superior vitality. (+4 MHP)


   Skills:
 - Level 4.3 Fighting
 + Level 5.1 Ranged Weapons
 - Level 1.0 Armour
 - Level 3.0 Dodging
 - Level 0.7 Stealth


You knew the following spells:

 Your Spells              Type           Power      Damage    Failure   Level
a - Apportation           Tloc           0%         N/A       58%         1
b - Scorch                Fire           0%         2d5       75%         2
c - Jinxbite              Hex            0%         N/A       75%         2
Your spell library was empty.

Inventory:

Hand Weapons
 a - a +0 shortbow (weapon)
Armour
 b - a +0 ring mail (worn)
 g - a +0 pair of gloves of strength (worn)
Jewellery
 e - a ring of resist corrosion (left hand)
Wands
 c - a wand of flame (13) (quivered)
Potions
 d - a potion of curing
 f - a potion of heal wounds {unknown}
 h - a potion of might

Dungeon Overview and Level Annotations

Branches:
Dungeon (5/15)
 Temple: D:4-7

Altars:


Message History

Press: ? - help, Q - select action, (/) - cycle Shift-Dir - straight line, f - wyvern The puff of flame hits the wyvern but does no damage.
2146 ||| ZAPPING wand of flame (20) at -1,4 (wyvern; floor).
Aiming: Throw Flame
Press: ? - help, Q - select action, (/) - cycle Shift-Dir - straight line, f/p - wyvern The puff of flame hits the wyvern.
The wyvern is lightly wounded.
2147 ||| ZAPPING wand of flame (19) at -1,3 (wyvern; floor).
Aiming: Throw Flame
Press: ? - help, Q - select action, (/) - cycle Shift-Dir - straight line, f/p - wyvern The puff of flame hits the wyvern.
The wyvern is moderately wounded.
2148 ||| ZAPPING wand of flame (18) at 0,1 (wyvern; floor).
Aiming: Throw Flame
Press: ? - help, Q - select action, (/) - cycle Shift-Dir - straight line, f/p - wyvern The puff of flame misses the wyvern.
The wyvern bites you!
2149 ||| ZAPPING wand of flame (17) at 0,1 (wyvern; floor).
Aiming: Throw Flame
Press: ? - help, Q - select action, (/) - cycle Shift-Dir - straight line, f/p - wyvern The puff of flame hits the wyvern!
The wyvern is heavily wounded.
The wyvern bites you. The wyvern bites you!
2150 ||| ZAPPING wand of flame (16) at 0,1 (wyvern; floor).
Aiming: Throw Flame
Press: ? - help, Q - select action, (/) - cycle Shift-Dir - straight line, f/p - wyvern The puff of flame misses the wyvern.
The wyvern bites you.
2151 ||| ZAPPING wand of flame (15) at 0,1 (wyvern; floor).
Aiming: Throw Flame
Press: ? - help, Q - select action, (/) - cycle Shift-Dir - straight line, f/p - wyvern The puff of flame misses the wyvern.
The wyvern bites you! The wyvern barely misses you.
2152 ||| ZAPPING wand of flame (14) at 0,1 (wyvern; floor).
Aiming: Throw Flame
Press: ? - help, Q - select action, (/) - cycle Shift-Dir - straight line, f/p - wyvern The puff of flame hits the wyvern!
The wyvern is almost dead.
The wyvern bites you!
You die...

##############
#..>..#......#
#.....#......#
#.....#......#
#.....#......#
#.....#......#
#.....#....@##
####'###...k##
##....##.....#..
#...............#
#............#...
#...........#..#..
#..............# .
##....##.....#.#
#....##......##


You could see a wyvern.

Vanquished Creatures
  Menkaure (D:5)
  A hound (D:5)
  An orc priest (D:4)
  Natasha (thrice) (D:3)
  4 adders
  2 dart slugs (D:1)
  3 ribbon worms (D:2)
  2 orcs (D:4)
  5 ball pythons
  A bat (D:1)
  10 endoplasms
  3 giant cockroaches
  7 goblins
  4 hobgoblins
  8 jackals
  4 frilled lizards
  6 kobolds
  8 rats
73 creatures vanquished.

Notes
Turn   | Place    | Note
-------+----------+-------------------------------------------
     0 | D:1      | qw the Djinni Hunter began the quest for the Orb.
     0 | D:1      | Reached XP level 1. HP: 18/18 MP: 0/0
     0 | D:1      | 0 ||| qw: Version: 0.3-a-135-gb77e89d
     0 | D:1      | 0 ||| qw: Game counter: 819
     0 | D:1      | 0 ||| qw: Melee chars always use a shield: true
     0 | D:1      | 0 ||| qw: God list: Okawaru
     0 | D:1      | 0 ||| qw: Allow faded altars: false
     0 | D:1      | 0 ||| qw: Do Orc after clearing Dungeon:15 true
     0 | D:1      | 0 ||| qw: Do second Lair branch before Depths: true
     0 | D:1      | 0 ||| qw: Lair rune preference: random
     0 | D:1      | 0 ||| qw: Goals: Normal
     0 | D:1      | 0 ||| PLANNING D:1-11
   116 | D:1      | Reached XP level 2. HP: 23/23 MP: 0/0
   208 | D:1      | Reached XP level 3. HP: 28/28 MP: 0/0
   208 | D:1      | Learned a level 1 spell: Apportation
   213 | D:1      | Reached skill level 4 in Ranged Weapons
   624 | D:1      | 624 ||| UPGRADING to +0 pair of gloves of strength.
   629 | D:1      | 629 ||| UPGRADING to ring of resist corrosion.
   630 | D:1      | 630 ||| READING scroll labelled XUATTUFOUC.
   631 | D:1      | 631 ||| READING scroll labelled KAMOUBB GUVE.
   631 | D:1      | 631 ||| IDENTIFYING glowing white potion
   632 | D:1      | 632 ||| DROPPING scroll of butterflies.
   776 | D:2      | Reached skill level 3 in Fighting
   776 | D:2      | Reached XP level 4. HP: 31/35 MP: 0/0
   776 | D:2      | 776 ||| FLEEEEING.
  1044 | D:2      | Reached skill level 3 in Dodging
  1125 | D:2      | 1125 ||| UPGRADING to +0 ring mail.
  1135 | D:2      | 1135 ||| DROPPING +0 leather armour.
  1136 | D:2      | 1136 ||| READING 2 scrolls of identify.
  1136 | D:2      | 1136 ||| IDENTIFYING silvery potion
  1137 | D:2      | 1137 ||| READING scroll of identify.
  1137 | D:2      | 1137 ||| IDENTIFYING fuming blue potion
  1138 | D:2      | 1138 ||| READING scroll labelled JUS LIASIRPHUS.
  1139 | D:2      | 1139 ||| DROPPING potion of degeneration.
  1168 | D:3      | 1168 ||| STAIRDANCE
  1207 | D:3      | 1207 ||| STAIRDANCE
  1218 | D:3      | 1218 ||| STAIRDANCE
  1247 | D:3      | Reached XP level 5. HP: 26/40 MP: 0/0
  1247 | D:3      | Learned a level 2 spell: Scorch
  1336 | D:3      | Reached skill level 1 in Armour
  1374 | D:3      | Noticed Natasha
  1380 | D:3      | 1380 ||| RETREEEEATING.
  1383 | D:3      | Killed Natasha
  1383 | D:3      | Noticed Natasha
  1384 | D:3      | 1384 ||| FLEEEEING.
  1385 | D:3      | 1385 ||| FLEEEEING.
  1386 | D:3      | 1386 ||| FLEEEEING.
  1387 | D:3      | 1387 ||| FLEEEEING.
  1404 | D:3      | Killed Natasha
  1459 | D:3      | 1459 ||| FLEEEEING.
  1536 | D:3      | Noticed Natasha
  1548 | D:3      | HP: 7/40 [Natasha/magic dart (7)]
  1550 | D:3      | Killed Natasha
  1859 | D:3      | Reached XP level 6. HP: 42/46 MP: 0/0
  1893 | D:3      | 1893 ||| READING scroll of identify.
  1893 | D:3      | 1893 ||| IDENTIFYING red potion
  1894 | D:3      | 1894 ||| DROPPING potion of lignification.
  2004 | D:4      | Reached skill level 5 in Ranged Weapons
  2018 | D:4      | You are sucked into a shaft and drop 1 floor!
  2018 | D:5      | Entered Level 5 of the Dungeon
  2048 | D:5      | Noticed Menkaure
  2049 | D:5      | 2049 ||| ZAPPING wand of flame (26) at -4,1 (Menkaure;
                  | floor).
  2050 | D:5      | 2050 ||| ZAPPING wand of flame (25) at -4,1 (Menkaure;
                  | floor).
  2051 | D:5      | 2051 ||| ZAPPING wand of flame (24) at -3,1 (Menkaure;
                  | floor).
  2052 | D:5      | 2052 ||| ZAPPING wand of flame (23) at -2,1 (Menkaure;
                  | floor).
  2053 | D:5      | 2053 ||| ZAPPING wand of flame (22) at -2,1 (Menkaure;
                  | floor).
  2053 | D:5      | Killed Menkaure
  2081 | D:5      | Reached XP level 7. HP: 45/53 MP: 0/0
  2081 | D:5      | Learned a level 2 spell: Jinxbite
  2144 | D:4      | Noticed a wyvern
  2145 | D:4      | 2145 ||| ZAPPING wand of flame (21) at -2,6 (wyvern;
                  | floor).
  2146 | D:4      | 2146 ||| ZAPPING wand of flame (20) at -1,4 (wyvern;
                  | floor).
  2147 | D:4      | 2147 ||| ZAPPING wand of flame (19) at -1,3 (wyvern;
                  | floor).
  2148 | D:4      | 2148 ||| ZAPPING wand of flame (18) at 0,1 (wyvern; floor).
  2149 | D:4      | 2149 ||| ZAPPING wand of flame (17) at 0,1 (wyvern; floor).
  2150 | D:4      | 2150 ||| ZAPPING wand of flame (16) at 0,1 (wyvern; floor).
  2151 | D:4      | 2151 ||| ZAPPING wand of flame (15) at 0,1 (wyvern; floor).
  2151 | D:4      | HP: 2/53 [wyvern (14)]
  2152 | D:4      | 2152 ||| ZAPPING wand of flame (14) at 0,1 (wyvern; floor).
  2152 | D:4      | Mangled by a wyvern

Levels and vault maps discovered:
D:1:      onia_arrival_pyramid, layout_loops_ring, minmay_split_cup_large
D:2:      layout_basic, kennysheep_nondescript, mrwooster_statue_mirror
D:3:      layout_rooms, uniq_natasha
D:4:      layout_gridville, old_standard_altar, mainiacjoe_overflow_alcove_4,
          minmay_temple_entry_arrows, roderic_lattice_a, uniq_duvessa,
          uniq_pikel
D:5:      layout_loops_ring, minmay_puff, uniq_menkaure, uniq_crazy_yiuf_cottage

Skill      XL: |  1  2  3  4  5  6 |
---------------+-------------------+-----
Ranged Weapons | 4 5 |  5.1
Fighting       | 3 4 |  4.3
Dodging        | 3 |  3.0
Armour         | 1 |  1.0
Stealth        | |  0.7

Action                     |  1- 3 |  4- 6 |  7- 9 || total
---------------------------+-------+-------+-------++-------
   Fire: Shortbow          |    82 |   154 |       ||   236
  Evoke: Wand              |       |     5 |     8 ||    13
    Use: Scroll            |     2 |     4 |       ||     6
 Armour: Leather armour    |    13 |     3 |       ||    16
         Ring mail         |       |    77 |     6 ||    83
  Dodge: Dodged            |    20 |    72 |     1 ||    93

Table legend:
 A = Non-vault XP
 B = Vault XP
 C = Vault XP percentage of total XP
 D = Non-vault monster count
 E = Vault monster count
 F = Vault count percentage of total count
                 A         B        C        D         E       F
            +---------+---------+-------+---------+---------+-------
      Total |     319 |     218 |  40.6 |      67 |       6 |   8.2
            +---------+---------+-------+---------+---------+-------
        D:1 |      46 |       8 |  14.8 |      25 |       4 |  13.8
        D:2 |      84 |       0 |   0.0 |      25 |       0 |   0.0
        D:3 |      97 |      35 |  26.5 |      12 |       1 |   7.7
        D:4 |      49 |       0 |   0.0 |       4 |       0 |   0.0
        D:5 |      43 |     175 |  80.3 |       1 |       1 |  50.0
            +---------+---------+-------+---------+---------+-------
